 Dungeon Crawl Stone Soup version 0.21.1-1-g345015f (webtiles) character file.

650 Fang the Chopper (level 7, -2/44 HPs)
             Began as a Gargoyle Berserker on May 16, 2018.
             Was a Priest of Trog.
             Slain by a slave (7 damage)
             ... led by Pikel
             ... on level 4 of the Dungeon.
             The game lasted 00:03:08 (3241 turns).

Fang the Chopper (Gargoyle Berserker)               Turns: 3241, Time: 00:03:09

Health: -2/44      AC:  7    Str: 23    XL:     7   Next: 53%
Magic:  7/7        EV: 13    Int:  7    God:    Trog [***...]
Gold:   124        SH:  0    Dex: 12    Spells: 6/6 levels left

rFire    + . .     SeeInvis .   a - +0 hand axe
rCold    . . .     Gourm    .   (no shield)
rNeg     + . .     Faith    .   b - +0 animal skin
rPois    ∞         Spirit   .   (no helmet)
rElec    +         Reflect  .   (no cloak)
rCorr    .         Harm     .   (no gloves)
MR       .....                  (no boots)
Stlth    ++........             (no amulet)
HPRegen  0.14/turn              l - ring of protection from fire
MPRegen  0.10/turn              q - +3 ring of dexterity

@: berserk cooldown, slowed, very slow
A: negative energy resistance 1, electricity resistance, unbreathing,
petrification resistance, rot immunity, AC +4
a: Berserk, Trog's Hand, Burn Spellbooks, Renounce Religion


You were on level 4 of the Dungeon.
You worshipped Trog.
Trog was most pleased with you.
You were not hungry.

You visited 1 branch of the dungeon, and saw 4 of its levels.

You collected 124 gold pieces.

Inventory:

Hand Weapons
 a - a +0 hand axe (weapon)
Armour
 b - a +0 animal skin (worn)
Jewellery
 l - a ring of protection from fire (left hand)
 q - a +3 ring of dexterity (right hand)
Wands
 k - a wand of random effects (31)
 r - a wand of iceblast (12)
Scrolls
 e - 6 scrolls of identify {unknown}
 f - 4 scrolls of teleportation {unknown}
 i - 2 scrolls of enchant weapon {unknown}
 j - 3 scrolls of amnesia {unknown}
 s - a scroll of fear {unknown}
 t - a scroll of immolation {unknown}
Potions
 d - a potion of flight {unknown}
 g - 3 potions of curing {unknown}
 h - a potion of berserk rage {unknown}
 m - a potion of heal wounds
 n - a potion of haste
 o - a potion of mutation {unknown}
 p - a potion of brilliance {unknown}
Comestibles
 c - 3 rations


   Skills:
 + Level 5.1 Fighting
 + Level 5.9 Axes
 + Level 2.3 Armour
 + Level 3.3 Dodging
 + Level 1.6 Stealth


You had 6 spell levels left.
You didn't know any spells.

Dungeon Overview and Level Annotations

Branches:
Dungeon (4/15)
 Temple: D:4-7

Altars:
Dithmenos
Elyvilon
Hepliaklqana
Ru

Annotations:
D:4 Pikel


Innate Abilities, Weirdness & Mutations

You are resistant to torment.
Your stone body is resilient. (AC +4)
You are immune to poison.
You resist negative energy. (rN+)
You are resistant to electric shocks. (rElec)
You can survive without breathing.
You are immune to petrification.
You are immune to rotting.


Message History

The slave hits you but does no damage. Pikel barely misses you.
The slave hits you but does no damage. x2; The slave barely misses you.
The slave hits you but does no damage. Pikel closely misses you.
Unknown command.
You slash Pikel!
Pikel is heavily wounded.
You closely miss the slave. You slash the slave!
You kill the slave!
That felt strangely unrewarding.
You hit the slave. The slave hits you but does no damage.
Pikel barely misses you. The slave hits you.
* * * LOW HITPOINT WARNING * * *
You hit Pikel.
Pikel is severely wounded.
You barely miss the slave. You hit the slave. The slave hits you.
* * * LOW HITPOINT WARNING * * *
Pikel closely misses you. The slave hits you!
* * * LOW HITPOINT WARNING * * *
The slave hits you!
You die...

#.# #.# #.. #.# #.# #.##
####..#### ###
###........########....#
..............))@pp.....
.##.###.##....)[pK..<...
....# #.####.######.#.##
.##.# #.........# ..
.##.# ######.##.# .#
.##.# #.# # # ###.# #.#
..... ... ###.. ...


You could see Pikel and 3 slaves.

Vanquished Creatures
  Sigmund (D:2)
  The ghost of AlyssaTheNerd the Chopper, an amateur DsGl of Dithmenos (D:3)
  A slave (D:4)
  2 hounds (D:4)
  2 orc wizards
  Natasha (thrice) (D:2)
  2 worker ants
  A gnoll (D:1)
  6 adders
  2 oozes (D:3)
  A worm (D:2)
  5 orcs (D:4)
  6 giant cockroaches
  7 goblins
  2 hobgoblins
  12 jackals
  2 kobolds
  A ball python (D:3)
  9 bats
  3 frilled lizards
  A jackal skeleton (D:4)
  4 rats
74 creatures vanquished.

Notes
Turn   | Place    | Note
-------+----------+-------------------------------------------
     0 | D:1      | Fang the Gargoyle Berserker began the quest for the Orb.
     0 | D:1      | Reached XP level 1. HP: 14/14 MP: 1/1
   169 | D:1      | Reached XP level 2. HP: 9/19 MP: 2/2
   582 | D:1      | Reached XP level 3. HP: 22/24 MP: 3/3
  1081 | D:2      | Noticed Sigmund
  1087 | D:2      | Reached ** piety under Trog
  1094 | D:2      | Killed Sigmund
  1094 | D:2      | Reached XP level 4. HP: 26/30 MP: 4/4
  1094 | D:2      | Reached XP level 5. HP: 29/34 MP: 5/5
  1224 | D:2      | Found a hazy altar of Hepliaklqana.
  1332 | D:2      | Noticed Natasha
  1333 | D:2      | Found a white marble altar of Elyvilon.
  1339 | D:2      | Killed Natasha
  1453 | D:2      | Noticed Natasha
  1462 | D:2      | Killed Natasha
  1462 | D:2      | Reached XP level 6. HP: 23/39 MP: 6/6
  1833 | D:2      | Found a shadowy altar of Dithmenos.
  1893 | D:2      | Noticed Natasha
  1912 | D:2      | Killed Natasha
  2092 | D:2      | Found a sacrificial altar of Ru.
  2114 | D:2      | Reached skill level 5 in Axes
  2412 | D:3      | Noticed AlyssaTheNerd's ghost (amateur DsGl)
  2427 | D:3      | Killed AlyssaTheNerd's ghost
  2427 | D:3      | Reached skill level 1 in Stealth
  2427 | D:3      | Reached XP level 7. HP: 24/44 MP: 7/7
  2782 | D:3      | Reached skill level 5 in Fighting
  2836 | D:3      | Reached *** piety under Trog
  3227 | D:4      | Noticed Pikel
  3241 | D:4      | Slain by a slave

Skill      XL: |  1  2  3  4  5  6  7 |
---------------+----------------------+-----
Axes           | 3 4 5 |  5.9
Fighting       | 4 5 |  5.1
Dodging        | 2 3 |  3.3
Stealth        | 1 |  1.6
Armour         | |  2.3

Action                   |  1- 3 |  4- 6 |  7- 9 || total
-------------------------+-------+-------+-------++-------
Melee: Hand axe          |    72 |   116 |    88 ||   276
Invok: Berserk           |     2 |     3 |     1 ||     6
  Use: Potion            |       |       |     2 ||     2
 Stab: Paralysed         |       |     2 |       ||     2
       Sleeping          |       |       |     2 ||     2
  Eat: Chunk             |       |     4 |     3 ||     7
       Ration            |       |     1 |     1 ||     2
Armor: Animal skin       |    39 |    39 |    35 ||   113
Dodge: Dodged            |    62 |    71 |    72 ||   205
